 Dungeon Crawl Stone Soup version 0.24-b1 (webtiles) character file.

Game seed: 15518929796783272463, levelgen mode: deterministic

1020 HumanIsDead the Cudgeler (level 8, 60/62 HPs)
             Began as a Human Gladiator on Oct 12, 2019.
             Was an Initiate of Gozag.
             Starved to death
             ... on level 6 of the Dungeon.
             The game lasted 00:17:19 (6318 turns).

HumanIsDead the Cudgeler (Human Gladiator)          Turns: 6318, Time: 00:17:19

Health: 60/62      AC:  8    Str: 14    XL:     8   Next: 46%
Magic:  8/8        EV: 12    Int: 12    God:    Gozag
Gold:   330        SH:  0    Dex: 14    Spells: 7/7 levels left

rFire    . . .     SeeInvis .   a - +0 flail
rCold    . . .     Gourm    .   (no shield)
rNeg     . . .     Faith    .   q - +0 ring mail
rPois    .         Spirit   .   w - +0 helmet
rElec    .         Reflect  .   (no cloak)
rCorr    .         Harm     .   n - +1 pair of gloves
MR       .....                  (no boots)
Stlth    +.........             (no amulet)
HPRegen  0.20/turn              (no ring)
MPRegen  0.11/turn              (no ring)

@: fainting
A: no striking features
a: Potion Petition, Call Merchant, Bribe Branch, Renounce Religion


You were on level 6 of the Dungeon.
You worshipped Gozag.
Gozag was aware of your devotion.
You were fainting.

You visited 2 branches of the dungeon, and saw 7 of its levels.

You collected 379 gold pieces.
You paid 49 gold pieces to Gozag.

Inventory:

Hand Weapons
 a - a +0 flail (weapon)
 e - a +1 dagger of venom
Missiles
 d - 3 throwing nets (quivered)
 h - 135 stones
 l - 6 curare-tipped darts
 r - 15 poisoned darts
Armour
 n - a +1 pair of gloves (worn)
 q - a +0 ring mail (worn)
 w - a +0 helmet (worn)
Magical Staves
 x - an uncursed staff of air {unknown}
Scrolls
 b - 2 scrolls of enchant weapon {unknown}
 g - 2 scrolls of remove curse
 m - a scroll of amnesia {unknown}
 o - a scroll of magic mapping
 p - 2 scrolls of identify
 v - a scroll of immolation {unknown}
 y - a scroll of noise {unknown}
Potions
 i - a potion of cancellation {unknown}
 k - a potion of heal wounds
 s - 2 potions of haste
 t - a potion of mutation
 u - a potion of lignification


   Skills:
 - Level 5.0 Fighting
 + Level 7.8 Maces & Flails
 - Level 2.0 Throwing
 + Level 3.1 Armour
 - Level 3.0 Dodging


You had 7 spell levels left.
You didn't know any spells.
Your spell library was empty.

Dungeon Overview and Level Annotations

Branches:
Dungeon (5/15)             Temple (1/1) D:4

Altars:
Ashenzari
Cheibriados
Elyvilon
Gozag
Hepliaklqana
Kikubaaqudgha
Makhleb
Nemelex Xobeh
Okawaru
Qazlal
Ru
Sif Muna
Trog
Uskayaw
Vehumet
Yredelemnul
Zin
The Shining One


Message History

The hungry ghost is moderately damaged.
The hungry ghost closely misses you.
You sock the hungry ghost!
The hungry ghost is heavily damaged.
The hungry ghost hits you.
You feel slightly more hungry.
You completely miss the hungry ghost.
The hungry ghost is heavily damaged.
The hungry ghost misses you.
You thump the hungry ghost!
The hungry ghost is severely damaged.
The hungry ghost hits you.
You feel slightly more hungry. The hungry ghost hits you.
You feel slightly more hungry.
You hit the hungry ghost.
The hungry ghost is severely damaged.
The hungry ghost barely misses you.
You sock the hungry ghost!
The hungry ghost is almost destroyed.
You have starved to death.
You die...
Your body crumbles into a pile of gold.

..# ##.#
###.###.##
##.##.#.##
##...##$##
#.......#
##...####
##o## #W#
#@# #.# .
##.## ..
#...# ..
#...# ..
#...# ..
#.### .
#.# #.#


You could see a hungry ghost and an orc.

Vanquished Creatures
  An ice beast (D:4)
  An orc warrior (D:6)
  An ogre (D:4)
  A centaur (D:6)
  A vampire bat (D:5)
  A howler monkey (D:6)
  A hound (D:4)
  3 orc priests
  A bullfrog skeleton (D:4)
  7 orc wizards
  A worker ant (D:4)
  A gnoll (D:1)
  4 adders
  An ooze (D:4)
  An adder skeleton (D:5)
  6 worms
  2 dart slugs (D:2)
  2 leopard geckos (D:6)
  26 orcs
  2 ball pythons (D:4)
  3 bat skeletons (D:5)
  2 bat zombies (D:5)
  4 giant cockroaches
  9 goblins
  3 hobgoblins (D:2)
  9 jackals
  A quokka (D:3)
  12 bats
  9 frilled lizards
  7 kobolds
  5 rats
128 creatures vanquished.

Vanquished Creatures (others)
  An orc wizard (D:3)
1 creature vanquished.

Grand Total: 129 creatures vanquished

Notes
Turn   | Place    | Note
-------+----------+-------------------------------------------
     0 | D:1      | HumanIsDead the Human Gladiator began the quest for the
                  | Orb.
     0 | D:1      | Reached XP level 1. HP: 16/16 MP: 1/1
   321 | D:1      | Reached XP level 2. HP: 16/22 MP: 2/2
   493 | D:1      | Reached skill level 4 in Maces & Flails
   493 | D:1      | Reached XP level 3. HP: 27/27 MP: 3/3
  1098 | D:2      | Reached XP level 4. HP: 30/33 MP: 4/4
  1656 | D:2      | Reached skill level 5 in Maces & Flails
  1852 | D:2      | Found a white marble altar of Elyvilon.
  2244 | D:3      | Reached XP level 5. HP: 6/39 MP: 5/5
  2590 | D:3      | Found a bloodstained altar of Trog.
  2952 | D:3      | Reached XP level 6. HP: 47/47 MP: 6/6
  3003 | D:3      | Reached skill level 6 in Maces & Flails
  3687 | D:3      | Reached XP level 7. HP: 54/54 MP: 7/7
  4092 | D:4      | Found a snail-covered altar of Cheibriados.
  4335 | D:4      | Reached skill level 5 in Fighting
  4335 | D:4      | Reached skill level 7 in Maces & Flails
  4414 | D:4      | Found a staircase to the Ecumenical Temple.
  4424 | Temple   | Entered the Ecumenical Temple
  4616 | Temple   | Became a worshipper of Gozag Ym Sagoz the Greedy
  5043 | D:5      | Entered Level 5 of the Dungeon
  5219 | D:5      | Found an ancient bone altar of Kikubaaqudgha.
  5224 | D:5      | Reached skill level 1 in Armour
  5224 | D:5      | Reached XP level 8. HP: 60/62 MP: 8/8
  5356 | D:5      | HP: 1/62 [orc wizard/+0 dagger (3)]
  5691 | D:5      | You fall into a shaft and drop 1 floor!
  5901 | D:6      | Found the +3 warlock's mirror {reflect}
  5904 | D:6      | Noticed a purple ugly thing
  5907 | D:6      | HP: 3/62 [bullfrog (2)]
  6318 | D:6      | Starved to death

Skill      XL: |  1  2  3  4  5  6  7  8 |
---------------+-------------------------+-----
Maces & Flails | 4 5 6 7 |  7.8
Fighting       | 3 4 5 |  5.0
Armour         | 1 3 |  3.1
Throwing       | |  2.0
Dodging        | |  3.0

Action                   |  1- 3 |  4- 6 |  7- 9 || total
-------------------------+-------+-------+-------++-------
Melee: Dagger            |    81 |   218 |   129 ||   428
       Flail             |     2 |       |    65 ||    67
  Use: Potion            |       |     4 |     2 ||     6
       Scroll            |       |       |     7 ||     7
 Stab: Sleeping          |     1 |       |       ||     1
  Eat: Chunk             |     1 |     4 |     3 ||     8
       Ration            |       |     1 |     2 ||     3
Armor: Leather armour    |    23 |    36 |       ||    59
       Skin              |       |     6 |     9 ||    15
       Ring mail         |       |    42 |   101 ||   143
Dodge: Dodged            |    59 |   189 |   150 ||   398
